 Dungeon Crawl Stone Soup version 0.24.0-13-gcf9b3192b9 (webtiles) character file.

Game seed: 14748066312823266364, levelgen mode: deterministic

808 PentaManta the Cleaver (level 7, -10/60 HPs)
             Began as a Minotaur Gladiator on Nov 8, 2019.
             Mangled by an orc warrior
             ... wielding a +0 war axe
              (17 damage)
             ... on level 7 of the Dungeon.
             The game lasted 00:07:28 (2428 turns).

PentaManta the Cleaver (Minotaur Gladiator)         Turns: 2428, Time: 00:07:28

Health: -10/60     AC:  5    Str: 20    XL:     7   Next: 60%
Magic:  6/6        EV: 13    Int:  5    God:
Gold:   157        SH:  3    Dex: 12    Spells: 6/6 levels left

rFire    . . .     SeeInvis .   l - +0 hand axe
rCold    . . .     Gourm    .   (no shield)
rNeg     . . .     Faith    .   C - +0 ring mail {rPois}
rPois    +         Spirit   .   c - +0 hat
rElec    .         Reflect  +   (no cloak)
rCorr    .         Harm     .   (no gloves)
MR       .....                  (no boots)
Stlth    +.........             h - +3 amulet of reflection
HPRegen  0.20/turn              (no ring)
MPRegen  0.10/turn              (no ring)

@: no status effects
A: retaliatory headbutt, horns 2
a: no special abilities


You were on level 7 of the Dungeon.
You were not hungry.

You visited 1 branch of the dungeon, and saw 5 of its levels.
You also visited: Bailey.

You collected 157 gold pieces.

Inventory:

Hand Weapons
 a - a +0 war axe
 l - a +0 hand axe (weapon)
Missiles
 d - 4 throwing nets (quivered)
 r - a datura-tipped dart
 s - 8 poisoned darts
Armour
 c - a +0 hat (worn)
 B - a +0 plate armour
 C - a +0 ring mail of poison resistance (worn)
Jewellery
 h - a +3 amulet of reflection (around neck)
 n - an uncursed amulet of harm {unknown}
Wands
 q - a wand of random effects (11)
Scrolls
 e - 2 scrolls of enchant weapon {unknown}
 i - 2 scrolls of magic mapping {unknown}
 k - a scroll of amnesia {unknown}
 p - 2 scrolls of immolation {unknown}
 t - 3 scrolls of enchant armour {unknown}
 w - a scroll of teleportation {unknown}
 x - a scroll of blinking {unknown}
 y - a scroll of remove curse {unknown}
 E - a scroll of identify
Potions
 b - a potion of mutation {unknown}
 g - a potion of cancellation {unknown}
 j - a potion of lignification {unknown}
 m - 3 potions of might
 o - a potion of flight {unknown}
 u - a potion of heal wounds {unknown}
 v - a potion of degeneration {unknown}
 z - a potion of curing {unknown}
 A - a potion of haste {unknown}
Comestibles
 f - 5 rations


   Skills:
 + Level 4.5 Fighting
 + Level 8.6 Axes
 - Level 2.0 Throwing
 + Level 3.5 Armour
 + Level 4.8 Dodging


You had 6 spell levels left.
You didn't know any spells.
Your spell library was empty.

Dungeon Overview and Level Annotations

Branches:
Dungeon (7/15)             Bailey (visited)
 Temple: D:4-7

Altars:
Uskayaw
Xom
The Shining One


Innate Abilities, Weirdness & Mutations

You reflexively headbutt those who attack you in melee.
You have a pair of horns on your head.


Message History

You hit the orc.
The orc warrior hits you with a +0 war axe!
The orc hits you with a +0 hand axe.
You closely miss the orc warrior. You headbutt the orc warrior!
The orc warrior is moderately wounded.
You closely miss the orc. The orc hits you with a +0 hand axe.
The orc warrior hits you with a +0 war axe!
* * * LOW HITPOINT WARNING * * *
The orc hits you with a +0 hand axe.
* * * LOW HITPOINT WARNING * * *
Welcome back to the Dungeon!
The crimson imp barely misses you. You block the crimson imp's attack.
There is an empty arch of ancient stone here.
The crimson imp barely misses you. The orc hits you with a +0 hand axe.
* * * LOW HITPOINT WARNING * * *
You closely miss the orc warrior.
The orc warrior is moderately wounded.
You completely miss the crimson imp. You barely miss the orc.
The orc warrior hits you with a +0 war axe!
You die...

## ####### (..
.....##... ..........
#.≈ ≈≈.......
#.≈#####≈......
##.≈#...#≈..#
####..≈#5oo)(†.#
#.....≈#.@.#(.##
#.....≈#####≈.#
#.....≈≈≈≈≈≈≈.#
#.............#
#......########
#......# #######
#####......###.....#.##
.......................
######..##...........##


You could see an orc warrior, a crimson imp and an orc.

Vanquished Creatures
  Prince Ribbit (D:7)
  Sigmund (D:2)
  A centaur (D:7)
  5 crimson imps (D:3)
  A hound (D:7)
  A bullfrog skeleton (D:7)
  An iguana (D:7)
  An orc wizard (D:3)
  4 adders
  2 dart slugs
  2 leopard geckos (D:2)
  12 orcs
  10 bats
  12 goblins
  5 hobgoblins
  5 kobolds
  A ball python (D:1)
  6 frilled lizards
  2 leopard gecko zombies
  3 rats
76 creatures vanquished.

Notes
Turn   | Place    | Note
-------+----------+-------------------------------------------
     0 | D:1      | PentaManta the Minotaur Gladiator began the quest for the
                  | Orb.
     0 | D:1      | Reached XP level 1. HP: 18/18 MP: 0/0
    84 | D:1      | Reached skill level 4 in Axes
   195 | D:1      | Reached XP level 2. HP: 25/25 MP: 1/1
   469 | D:2      | Reached skill level 5 in Axes
   489 | D:2      | Reached XP level 3. HP: 24/30 MP: 2/2
   597 | D:2      | Found a glowing golden altar of the Shining One.
   603 | D:2      | Noticed Sigmund
   612 | D:2      | Killed Sigmund
   612 | D:2      | Reached skill level 7 in Axes
   612 | D:2      | Reached XP level 4. HP: 5/37 MP: 3/3
   612 | D:2      | Reached XP level 5. HP: 6/42 MP: 4/4
  1036 | D:2      | Found a hide-covered altar of Uskayaw.
  1562 | D:3      | Reached skill level 1 in Armour
  1562 | D:3      | Reached XP level 6. HP: 43/50 MP: 5/5
  1699 | D:3      | Found a shimmering altar of Xom.
  1732 | D:3      | Reached skill level 8 in Axes
  2156 | D:4      | You fall into a shaft and drop 3 floors!
  2158 | D:7      | Noticed Prince Ribbit
  2164 | D:7      | Killed Prince Ribbit
  2164 | D:7      | Reached XP level 7. HP: 53/59 MP: 6/6
  2241 | D:7      | Found a flagged portal.
  2273 | Bailey   | Entered a bailey
  2428 | D:7      | Mangled by an orc warrior

Levels and vault maps discovered:
D:1:      eino_arrival_cavern_e, layout_rooms, corexii_leaking_fountain
D:2:      layout_loops_cross, lemuel_doored_altar, first_ration,
          nicolae_tso_carved_into_rock, uniq_sigmund
D:3:      layout_basic, led_xom_imps, minmay_hedge_maze, fountainhead
D:4:      layout_loops_cross, temple_fountains, minmay_close_crescents
D:7:      layout_basic, grunt_temple_overflow_open, enter_bailey_3, uniq_pikel,
          uniq_prince_ribbit1

Skill      XL: |  1  2  3  4  5  6 |
---------------+-------------------+-----
Axes           | 4 5 7 8 |  8.6
Armour         | 1 3 |  3.5
Fighting       | 4 |  4.5
Dodging        | 4 |  4.8
Throwing       | |  2.0

Action                   |  1- 3 |  4- 6 |  7- 9 || total
-------------------------+-------+-------+-------++-------
Melee: War axe           |    36 |       |       ||    36
       Hand axe          |    18 |    96 |    38 ||   152
       Headbutt          |     2 |    19 |     6 ||    27
Throw: Throwing net      |     2 |     1 |       ||     3
  Use: Scroll            |       |     2 |       ||     2
 Stab: Held in net/web   |     2 |     1 |       ||     3
       Invisible         |       |     4 |       ||     4
  Eat: Chunk             |       |     3 |     2 ||     5
Armor: Leather armour    |    17 |     3 |       ||    20
       Ring mail         |       |    14 |     5 ||    19
Dodge: Dodged            |    50 |    56 |    22 ||   128
Block: Other             |       |     7 |     7 ||    14
